 Dungeon Crawl Stone Soup version 0.29-a0-919-gd064cfad1c (webtiles) character file.

Game seed: 17755520879720231914

13 Hubjo the Insei (level 2, -3/31 HPs)
             Began as a Demonspawn Transmuter on July 26, 2022.
             Frozen to death by an endoplasm (4 damage)
             ... on level 1 of the Dungeon.
             The game lasted 00:01:20 (348 turns).

Hubjo the Insei (Demonspawn Transmuter)              Turns: 348, Time: 00:01:21

Health: -3/31      AC: 21    Str: 10    XL:     2   Next: 24%
Magic:  5/5        EV:  2    Int: 14    God:
Gold:   8          SH:  4    Dex: 13    Spells: 4/5 levels left

rFire   . . .      SeeInvis .     - Unarmed
rCold   . . .      Faith    .   (no shield)
rNeg    . . .      Spirit   .   (body armour currently unavailable)
rPois   +          Reflect  .   (helmet currently unavailable)
rElec   .          Harm     .   (cloak currently unavailable)
rCorr   .          Rampage  .   (gloves currently unavailable)
Will    .....      NoTele   +   (boots currently unavailable)
Stlth   +.........              (no amulet)
HPRegen 0.10/turn               (no ring)
MPRegen 0.09/turn               (no ring)

@: tree-form
A: stationary, stasis, torment immunity, boosted hp, condensation shield
a: no special abilities


You were on level 1 of the Dungeon.
You were a tree.
You visited 1 branch of the dungeon, and saw 1 of its levels.

You collected 8 gold pieces.

Inventory:

Armour
 a - a +0 robe (melded)


   Skills:
 * Level 1.6 Fighting
 - Level 1.7 Dodging
 + Level 2.8 Unarmed Combat
 + Level 2.1 Spellcasting
 + Level 2.0 Transmutations


You had 4 spell levels left.
You knew the following spells:

 Your Spells              Type           Power      Damage    Failure   Level
a - Beastly Appendage     Tmut           14%        N/A       11%         1

Your spell library contained the following spells:

 Spells                   Type           Power      Damage    Failure   Level
 Wereblood                Tmut           7%         N/A       16%         2
 Spider Form              Tmut/Pois      4%         N/A       43%         3
 Ice Form                 Ice/Tmut       4%         N/A       83%         4


Dungeon Overview and Level Annotations

Branches:
Dungeon (1/15)

Altars:


Innate Abilities, Weirdness & Mutations

You are a tree.
Your roots penetrate the ground, keeping you stationary.
You cannot be teleported.
You are immune to unholy pain and torment.
Your maximum health is greatly increased.
Your equipment is partially melded.
A meltable shield of frost defends you. (SH +4)


Message History

The endoplasm hits you but does no damage.
The frilled lizard bites you but does no damage. x2
You barely miss the frilled lizard. The rat bites you.
* * * LOW HITPOINT WARNING * * *
The frilled lizard bites you but does no damage.
The endoplasm hits you but does no damage.
The frilled lizard bites you but does no damage. x2
You closely miss the frilled lizard. The rat bites you but does no damage.
You block the frilled lizard's attack.
The endoplasm hits you but does no damage.
The frilled lizard bites you but does no damage.
The frilled lizard barely misses you.
You barely miss the frilled lizard. The rat bites you but does no damage.
The frilled lizard bites you but does no damage.
You block the endoplasm's attack.
The frilled lizard bites you but does no damage. x2
You smack the frilled lizard!
You kill the frilled lizard!
The rat bites you but does no damage.
You smack the frilled lizard!
You kill the frilled lizard!
The frilled lizard bites you but does no damage.
The endoplasm hits you but does no damage.
The rat bites you but does no damage.
Unknown command.
Unknown command.
Unknown command.
You hit the frilled lizard but do no damage.
The frilled lizard bites you but does no damage.
The endoplasm hits you but does no damage.
You block the rat's attack.
You smack the frilled lizard!
You kill the frilled lizard!
The endoplasm hits you but does no damage.
You block the rat's attack.
You hit the rat.
You kill the rat!
The endoplasm freezes you.
You are frozen.
You die...

..# #......# #.#
#......# #.###......#
#.#........+
#..##.##...##+###
##.##..+........#
#.##.##........##
#.##.###...†J...#
####.##.# #..†♣)...#
#.....#.# #...††......
#.....#.###....$...≈≈≈
#.....#...).......≈≈≈≈
#.....#..########.≈≈≈≈
#.....#..# .≈≈≈≈
#####....# .≈≈≈ ##...#
.... #.).###.#


You could see an endoplasm.

Vanquished Creatures
  A giant cockroach (D:1)
  2 goblins (D:1)
  4 bats (D:1)
  8 frilled lizards (D:1)
  A rat (D:1)
16 creatures vanquished.

Notes
Turn   | Place    | Note
-------+----------+-------------------------------------------
     0 | D:1      | Hubjo the Demonspawn Transmuter began the quest for the
                  | Orb.
     0 | D:1      | Reached XP level 1. HP: 15/15 MP: 3/3
   335 | D:1      | Gained mutation: A meltable shield of frost defends you.
                  | (SH +4) [demonic ancestry]
   335 | D:1      | Reached XP level 2. HP: 5/21 MP: 5/5
   339 | D:1      | HP: 1/31 [frilled lizard (1)]
   348 | D:1      | Frozen to death by an endoplasm

Illustrated notes

Levels and vault maps discovered:
D:1:      wheals_arrival_shading, layout_basic, minmay_lizard_pond

Skill      XL: |  1  2 |
---------------+-------+-----
Transmutations | 2 |  2.0
Fighting       | |  1.6
Dodging        | |  1.7
Unarmed Combat | |  2.8
Spellcasting   | |  2.1

Action                   || total
-------------------------++-------
Melee: Unarmed           ||    35
       Kick              ||     4
       Headbutt          ||     3
 Cast: Beastly Appendage ||     7
  Use: Potion            ||     1
Armor: Skin              ||    49
       Robe              ||     8
Dodge: Dodged            ||    18
Block: Other             ||     7

Table legend: (Time is in decaauts)
 A = Elapsed time spent in this place.
 B = Non-inter-level travel time spent in this place.
 C = Inter-level travel time spent in this place.
 D = Time resting spent in this place.
 E = Time spent auto-exploring this place.
 F = Levels seen in this place.
 G = Mean time per level.
                   A        B        C        D        E       F      G
               +--------+--------+--------+--------+--------+-----+--------+
         Total |    346 |    346 |      0 |      0 |    284 |   1 |  346.0 |
       Dungeon |    346 |    346 |      0 |      0 |    284 |   1 |  346.0 |
               +--------+--------+--------+--------+--------+-----+--------+

Top non-repeatable levels by time:
     D:1: 346 daAuts
